 Dungeon Crawl Stone Soup version 0.19-a0-1153-g63c3caf (webtiles) character file.

24 Akrasiac the Grave Robber (level 2, -1/19 HPs)
             Began as a Mummy Necromancer on Aug 13, 2016.
             Slain by a hobgoblin
             ... wielding a +0 club
              (4 damage)
             ... on level 1 of the Dungeon.
             The game lasted 00:01:56 (873 turns).

Akrasiac the Grave Robber (Mummy Necromancer)        Turns: 873, Time: 00:01:57

Health: -1/19      AC:  2    Str: 11    XL:     2   Next: 79%
Magic:  4/5        EV: 12    Int: 14    God:
Gold:   39         SH:  0    Dex: 12    Spells: 1 memorised, 4 levels left

rFire  x . .     SeeInvis .     a - +2 dagger (venom)
rCold  + . .     Gourm    .     d - +0 robe
rNeg   + + +     Faith    .     (no shield)
rPois  ∞         Spirit   .     (no helmet)
rElec  .         Dismiss  .     (no cloak)
rCorr  .         Reflect  .     (no gloves)
MR     .....     Harm     .     (no boots)
Stlth  ++........               (no amulet)
                                (no ring)
                                (no ring)

@: no status effects
A: no food or potions, fire vulnerability, cold resistance 1, negative energy
resistance 3, torment resistance, unbreathing
a: no special abilities


You were on level 1 of the Dungeon.
You were not hungry.

You visited 1 branch of the dungeon, and saw 2 of its levels.

You collected 39 gold pieces.

Inventory:

Hand Weapons
 a - a +2 dagger of venom (weapon)
 j - a +0 whip
 k - a +0 dagger
Armour
 d - a +0 robe (worn)
Jewellery
 i - an uncursed ring of teleportation
Scrolls
 f - a scroll of enchant armour {unknown}
 g - 2 scrolls of fog
 h - a scroll of amnesia {unknown}
Books
 b - a book of Necromancy

   Spells                             Type                      Level
   a - Pain                           Necromancy                   1
   b - Animate Skeleton               Necromancy                   1
   c - Vampiric Draining              Necromancy                   3
   d - Regeneration                   Charms/Necromancy            3
   e - Animate Dead                   Necromancy                   4
   f - Control Undead                 Necromancy                   4


   Skills:
 - Level 1.5 Dodging
 - Level 1.5 Stealth
 - Level 2.0 Spellcasting
 + Level 4.9 Necromancy


You had 4 spell levels left.
You knew the following spells:

 Your Spells              Type           Power        Failure   Level  Hunger
a - Pain                  Necr           ###.         3%          1    N/A

Dungeon Overview and Level Annotations

Branches:
Dungeon (2/15)

Altars:


Innate Abilities, Weirdness & Mutations

You do not eat or drink.
Your flesh is vulnerable to fire.
You are immune to poison.
Your flesh is cold resistant. (rC+)
You are immune to negative energy. (rN+++)
You are immune to unholy pain and torment.
You can survive without breathing.


Message History

HP restored.
You start resting.
Magic restored.
There is a stone staircase leading down here.
You climb downwards.
The hobgoblin hits you with a club. The worm bites you.
The hobgoblin hits you with a club.
There is a stone staircase leading up here.
The hobgoblin hits you with a club.
* * * LOW HITPOINT WARNING * * *
You climb upwards.
There is a stone staircase leading down here.
The hobgoblin hits you with a club.
* * * LOW HITPOINT WARNING * * *
Casting: Pain
Confirm with . or Enter, or press ? or * to list all spells.
Aiming: Pain
Press: ? - help, Shift-Dir - straight line, f - hobgoblin
Aim: a hobgoblin, wielding a club (chance to defeat MR: 92%)
The hobgoblin writhes in agony!
The hobgoblin hits you with a club.
You die...

###### #########################
.....# #....w.g@....[......)....
.....# #>.....#######.#######...
.....####.####.# #.# #...
..........##...# #.# #...
.....#######.#.#######.#######...
.....†.......#.##≈≈≈≈#'#≈≈≈≈####.
...(.........#.#≈≈≈≈≈#.#≈≈≈≈≈# #.
......######.#.#≈≈#≈≈#.#≈≈#≈≈# #.
.........# #.#.#≈≈≈≈≈#.#≈≈≈≈≈# #.


You could see a worm and a hobgoblin.

Vanquished Creatures
  A dart slug (D:1)
  A ball python (D:1)
  A goblin (D:1)
  9 hobgoblins
  A kobold (D:1)
  4 bats (D:1)
  A giant newt (D:1)
  A rat (D:1)
19 creatures vanquished.

Vanquished Creatures (others)
  A rat (D:1)
1 creature vanquished.

Grand Total: 20 creatures vanquished

Notes
Turn   | Place    | Note
-------+----------+-------------------------------------------
     0 | D:1      | Akrasiac the Mummy Necromancer began the quest for the Orb.
     0 | D:1      | Reached XP level 1. HP: 13/13 MP: 3/3
   330 | D:1      | Reached XP level 2. HP: 19/19 MP: 1/5
   873 | D:1      | Slain by a hobgoblin

Vault maps used:
D:1:      saegor_arrival_miasma
D:2:      lemuel_doored_altar, ecumenical_altar_1, first_bread

Action                   || total
-------------------------++-------
Melee: Dagger            ||     4
 Cast: Pain              ||    34
  Use: Scroll            ||     3
Armor: Robe              ||     3
Dodge: Dodged            ||     6
